 Dungeon Crawl Stone Soup version 0.19.5 (webtiles) character file.

368956 Peloso the Hoplite (level 21, -4/180 HPs)
             Began as a Minotaur Fighter on May 17, 2017.
             Was the Champion of Okawaru.
             Slain by a vault warden
             ... wielding a +5 glaive of chopping
              (11 damage)
             ... on level 4 of the Vaults.
             The game lasted 02:50:33 (49282 turns).

Peloso the Hoplite (Minotaur Fighter)              Turns: 49282, Time: 02:50:33

Health: -4/180     AC: 34    Str: 33    XL:     21   Next: 65%
Magic:  30/30      EV: 14    Int:  5    God:    Okawaru [******]
Gold:   3177       SH: 28    Dex: 17    Spells: 0 memorised, 20 levels left

rFire  . . .     SeeInvis +     H - +2 double sword (slice)
rCold  + + .     Gourm    .     y - +7 plate armour of Temperance {rPois rN+ rCorr}
rNeg   + . .     Faith    +     W - +0 large shield {AC+3}
rPois  +         Spirit   .     i - +0 hat {MR+}
rElec  +         Reflect  .     J - +0 cloak "Kumukina" {rElec MP+9 Str+4 Slay+3}
rCorr  +         Harm     .     K - +0 pair of gloves of Nededd {rC++}
MR     ++...                    M - +2 pair of boots {run}
Stlth  ..........               T - amulet of faith
                                p - +5 ring of dexterity
                                Y - ring of see invisible

@: marked, drained, quick
A: retaliatory headbutt, horns 2, frail 1, MP-powered wands
a: Heroism, Finesse, Renounce Religion
}: 2/15 runes: decaying, gossamer


You were on level 4 of the Vaults.
You worshipped Okawaru.
Okawaru was exalted by your worship.
You were not hungry.

You visited 8 branches of the dungeon, and saw 39 of its levels.
You also visited: Trove, Ice Cave and Wizlab.

You collected 4966 gold pieces.
You spent 1789 gold pieces at shops.

Inventory:

Hand Weapons
 a - a +4 long sword of flaming
 u - a +5 demon blade of freezing
 H - a +2 double sword of slicing (weapon)
 O - the +9 sword of Zonguldrok {reap}
   (You found it in a wizard's laboratory)

   If a monster killed with it leaves a corpse in good enough shape, the corpse
   will be animated as a zombie friendly to the killer.
Armour
 i - a +0 hat of magic resistance (worn)
 y - the +7 plate armour of Temperance (worn) {rPois rN+ rCorr}
   (Okawaru gifted it to you on level 1 of the Swamp)

   It protects you from poison.
   It protects you from negative energy.
   It protects you from acid and corrosion.
 J - the +0 cloak "Kumukina" (worn) {rElec MP+9 Str+4 Slay+3}
   (You acquired it on level 2 of the Orcish Mines)

   It affects your strength (+4).
   It affects your accuracy and damage with ranged weapons and melee attacks
   (+3).
   It insulates you from electricity.
   It affects your magic capacity (+9).
 K - the +0 pair of gloves of Nededd (worn) {rC++}
   (You found it on level 3 of the Elven Halls)

   It greatly protects you from cold.
 M - a +2 pair of boots of running (worn)
 W - a +0 large shield of protection (worn)
Jewellery
 j - the ring "Pomet" {*Contam rElec rPois MR+}
   (You took it off a deep elf sorcerer on level 3 of the Elven Halls)

   [ring of poison resistance]

   It insulates you from electricity.
   It protects you from poison.
   It affects your resistance to hostile enchantments.
   It causes magical contamination when unequipped.
 m - an uncursed ring of protection from magic
 p - a +5 ring of dexterity (right hand)
 v - the ring of Salvation {rElec Str+4 Int+9}
   (You took it off a deep elf mage on level 3 of the Elven Halls)

   [ring of strength]

   It affects your strength (+4).
   It affects your intelligence (+9).
   It insulates you from electricity.
 C - the ring "Niptiegg" {rCorr rN+}
   (You took it off a deep elf annihilator on level 3 of the Elven Halls)

   [ring of resist corrosion]

   It protects you from negative energy.
 T - an amulet of faith (around neck)
 X - an uncursed ring of flight
 Y - a ring of see invisible (left hand)
Wands
 c - a wand of digging (13/24)
 B - a wand of iceblast (9/15)
 G - a wand of random effects (8/48)
 V - a wand of teleportation (1/9)
 Z - a wand of disintegration (11/24)
Scrolls
 b - 10 scrolls of identify
 e - 6 scrolls of recharging
 k - 12 scrolls of remove curse
 o - 7 scrolls of teleportation
 q - 6 scrolls of fear
 x - 2 scrolls of acquirement
 A - 4 scrolls of blinking
 D - a scroll of summoning
 U - 2 scrolls of magic mapping
Potions
 d - 4 potions of might
 h - 9 potions of heal wounds
 l - 3 potions of agility
 n - 5 potions of invisibility
 s - 3 potions of berserk rage
 t - 3 potions of resistance
 w - 4 potions of haste
 F - 12 potions of curing
 R - 10 potions of flight
Comestibles
 f - 20 bread rations
 g - 24 fruits
 r - 4 beef jerkies
 z - 17 meat rations
 E - 3 chunks of flesh


   Skills:
 + Level 20.2(19.5) Fighting
 + Level 21.1(20.4) Long Blades
   Level 4.2(3.8) Maces & Flails
 + Level 17.4(16.8) Armour
 + Level 8.7(8.2) Dodging
 + Level 3.6(3.1) Stealth
 + Level 26.4(25.7) Shields
 + Level 2.4(1.9) Invocations
 + Level 1.0(0.6) Evocations


You had 20 spell levels left.
You didn't know any spells.

Dungeon Overview and Level Annotations

Branches:
Dungeon (15/15)            Temple (1/1) D:4            Lair (6/6) D:10
  Swamp (4/4) Lair:4       Spider (4/4) Lair:3        Slime (0/5) Lair:6
    Orc (2/2) D:12            Elf (3/3) Orc:2        Vaults (4/5) D:14
  Crypt (0/3) Vaults:2     Depths (0/5) D:15

Altars:
Ashenzari
Cheibriados
Dithmenos
Elyvilon
Fedhas
Gozag
Hepliaklqana
Kikubaaqudgha
Makhleb
Nemelex Xobeh
Okawaru
Qazlal
Ru
Sif Muna
Trog
Uskayaw
Vehumet
Xom
Yredelemnul
Zin
The Shining One
Beogh
Jiyva

Shops:
D:6 =   D:11 !   D:12 *   Orc:2 =(=?:*   Elf:1 :(%*   Elf:2 (   Elf:3 [*%!%
Vaults:3 *


Innate Abilities, Weirdness & Mutations

You reflexively headbutt those who attack you in melee.
You have a pair of horns on your head.
You are frail. (-10% HP)
You expend magic power (3 MP) to strengthen your wands.


Message History

You slice the vault sentinel!! You headbutt the vault sentinel.
The vault sentinel is severely wounded.
The ironbrand convoker no longer looks unusually strong.
You block the vault warden's attack.
The neqoxec gestures.
The vault sentinel casts a spell at you.
A sentinel's mark forms upon you.
You slice the vault sentinel!!
You kill the vault sentinel!
Okawaru accepts your kill.
The ironbrand convoker casts a spell at the ironbrand convoker.
The ironbrand convoker seems to grow stronger.
You block the neqoxec's attack.
Unknown command.
You hit the orc sorcerer but do no damage.
You headbutt the orc sorcerer!
The orc sorcerer is heavily wounded.
The vault warden hits you from afar with a glaive of chopping!!!
* * * LOW HITPOINT WARNING * * *
You die...

......# ......... ......#
# ....... ......# #. ....#
# ......# #.. #..# .#
......# #..###((###..#
###...# #....p)p).O..+
#.(.# #....pOp§§...#
#...###########o########
#......(......@3.5......
..#.......................
..#.......................
..#.............(.........
# #.......................
#.......................
#.......................
#.......................


You could see a vault warden, a vault sentinel, 2 ironbrand convokers, a
neqoxec, an orc sorcerer, an ogre and a white imp.

Vanquished Creatures
  An ancient lich (WizLab)
  Mara (Vaults:2)
  the Lernaean hydra (Swamp:4)
  Bai Suzhen (Spider:4)
  Arachne (Spider:4)
  A lich (Vaults:4)
  2 deep elf blademasters (Elf:3)
  2 deep elf master archers (Elf:3)
  2 ancient champions
  A sphinx (Vaults:2)
  Frances (D:14)
  6 thorn hunters
  A fire giant (Vaults:3)
  A frost giant (IceCv)
  3 ghost moths (Spider:4)
  9 vault wardens
  5 deep elf sorcerers
  Aizul (Swamp:3)
  9 emperor scorpions
  3 deep elf elementalists
  6 ironheart preservers
  3 very ugly things (Vaults:1)
  4 entropy weavers
  A vampire knight (Vaults:2)
  4 stone giants
  Azrael (Elf:1)
  9 deep elf annihilators
  12 deep elf demonologists
  The ghost of McKennaii the Eclecticist, a journeyman DEFE of Sif Muna (D:15)
  An ettin (Orc:1)
  A spark wasp (Spider:4)
  7 deep elf death magi
  5 deep elf high priests
  8 ogre magi
  8 vault guards
  3 great orbs of eyes
  7 yaktaur captains
  2 rakshasas
  A ghost crab (Swamp:2)
  26 hydras
  3 catoblepae (Lair:6)
  An ice dragon (Vaults:2)
  4 centaur warriors
  7 alligators
  A deep troll shaman (Vaults:1)
  28 dancing weapons
  A death knight (Vaults:3)
  A tengu warrior (D:13)
  2 orc high priests
  18 death yaks
  A vampire mage (Vaults:2)
  Nergalle (D:11)
  28 deep elf knights
  7 hell knights (Vaults:2)
  3 shadow wraiths
  14 skeletal warriors
  2 unseen horrors
  A spriggan druid (Swamp:3)
  A glowing orange brain (Vaults:1)
  The ghost of siprus the Pure, a novice DsAK of Lugonu (D:8)
  7 deep trolls
  3 wizards
  12 hill giants
  2 flayed ghosts
  11 swamp dragons
  Pikel (D:8)
  4 shambling mangroves
  4 harpies (Vaults:1)
  16 deep elf archers
  7 ironbrand convokers
  A tengu zombie (D:15)
  A necromancer (D:15)
  13 orb spiders
  10 orc knights
  2 oklob plants (Swamp:2)
  38 wolf spiders
  3 orc sorcerers
  A manticore (D:12)
  A shadow dragon skeleton (D:15)
  73 deep elf magi
  7 cyclopes
  16 slime creatures
  A wolf spider zombie (D:13)
  37 ugly things
  A stone giant skeleton (D:15)
  5 moths of wrath
  13 vault sentinels
  5 black mambas
  A torpor snail (Spider:1)
  4 orange demons
  A spriggan zombie (D:15)
  2 gargoyles
  3 kobold demonologists
  21 spiny frogs
  11 demonic crawlers
  A rime drake (Lair:5)
  10 komodo dragons
  21 yaktaurs
  A tengu conjurer (D:13)
  A guardian mummy (D:14)
  16 polar bears
  3 freezing wraiths
  2 red devils (D:14)
  A jumping spider (shapeshifter) (Vaults:3)
  22 jumping spiders
  8 trolls
  A tengu simulacrum (Vaults:2)
  19 hornets
  15 two-headed ogres
  A harpy skeleton (D:15)
  8 tyrant leeches
  3 blink frogs (Lair:6)
  6 bog bodies
  10 hippogriffs
  A tarantella (shapeshifter) (Vaults:1)
  59 redbacks
  3 spriggans
  5 fire elementals
  26 tarantellas
  4 water elementals
  76 yaks
  6 vampires
  3 shadows
  5 wyverns
  A basilisk (D:14)
  8 wraiths
  12 vampire mosquitoes
  4 hill giant zombies (WizLab)
  A steam dragon (D:12)
  4 hungry ghosts
  18 swamp worms
  A mottled dragon (shapeshifter) (Vaults:2)
  A mottled dragon (Vaults:2)
  3 wargs
  24 insubstantial wisps
  4 hell hounds (Elf:1)
  A soldier ant (D:10)
  17 water moccasins
  12 porcupines
  14 swamp drakes
  27 orc warriors
  5 ice beasts
  4 sky beasts
  A black bear (D:8)
  A necrophage (D:10)
  4 slaves (D:8)
  An eye of draining (D:14)
  45 ogres
  3 phantoms
  5 boggarts
  11 wolves (IceCv)
  15 centaurs
  4 crocodiles
  7 big kobolds
  20 bullfrogs
  3 earth elementals
  A deep troll simulacrum (Vaults:2)
  8 scorpions
  A water moccasin skeleton (D:9)
  6 troll zombies (WizLab)
  7 killer bees
  30 wights
  2 electric eels (Lair:2)
  11 crimson imps
  6 centaur zombies
  A quasit (D:8)
  23 orc priests
  4 bullfrog skeletons
  4 jellies
  5 centaur skeletons
  A gnoll shaman (D:4)
  6 hounds
  19 orc wizards
  An iron imp (Orc:2)
  Ijyb (D:3)
  9 iguanas
  5 worker ants
  8 ogre zombies (WizLab)
  A hound zombie (D:10)
  A hound skeleton (D:10)
  Robin (D:3)
  9 gnolls
  15 adders
  4 shadow imps
  13 white imps
  An ooze (D:3)
  3 adder skeletons
  2 worms (D:3)
  A dart slug (D:1)
  5 leopard geckos
  86 orcs
  6 bats
  7 giant cockroaches
  12 goblins
  9 hobgoblins
  12 jackals
  18 kobolds
  2 quokkas
  2 ball pythons
  6 frilled lizards
  A leopard gecko zombie (D:8)
  A quokka zombie (D:9)
  7 rats
  3 briar patches
  2 crawling corpses (Vaults:4)
  3 fungi (Lair:2)
  A plant (D:10)
1636 creatures vanquished.

Vanquished Creatures (collateral kills)
  3 deep trolls (Vaults:1)
  A skeletal warrior (Vaults:1)
  A deep elf archer (Elf:1)
  2 deep elf magi (Vaults:1)
  A yaktaur (Vaults:2)
  2 orc warriors (Vaults:2)
  3 ogres (Vaults:2)
  2 orcs
15 creatures vanquished.

Vanquished Creatures (others)
  An alligator (Swamp:3)
  An ogre mage (Vaults:1)
  A deep elf knight (Vaults:4)
  3 deep elf magi
  A swamp worm (Swamp:3)
  A boggart (Vaults:3)
  2 orc wizards
  An orc (Vaults:4)
  4 briar patches (Swamp:2)
  8 fungi
  5 plants
  A withered plant (D:15)
29 creatures vanquished.

Grand Total: 1680 creatures vanquished

Notes
Turn   | Place    | Note
-------+----------+-------------------------------------------
     0 | D:1      | Peloso the Minotaur Fighter began the quest for the Orb.
     0 | D:1      | Reached XP level 1. HP: 19/19 MP: 0/0
    76 | D:1      | Reached XP level 2. HP: 16/27 MP: 1/1
   453 | D:1      | Reached skill level 4 in Shields
   453 | D:1      | Reached XP level 3. HP: 24/33 MP: 2/2
  1214 | D:2      | Reached XP level 4. HP: 19/40 MP: 3/3
  1529 | D:3      | Noticed Ijyb
  1566 | D:3      | Killed Ijyb
  1808 | D:3      | Reached XP level 5. HP: 46/47 MP: 4/4
  2133 | D:3      | Noticed Robin
  2153 | D:3      | Killed Robin
  2259 | D:4      | Reached skill level 5 in Armour
  2372 | D:4      | Reached skill level 1 in Dodging
  2438 | D:4      | Found a staircase to the Ecumenical Temple.
  2458 | D:4      | Reached XP level 6. HP: 40/55 MP: 5/5
  2472 | Temple   | Entered the Ecumenical Temple
  2663 | D:4      | Reached skill level 5 in Shields
  2882 | D:4      | Reached skill level 5 in Long Blades
  3060 | D:5      | Entered Level 5 of the Dungeon
  3060 | D:5      | Noticed a hippogriff
  3070 | D:5      | Killed a hippogriff
  3070 | D:5      | Reached skill level 5 in Fighting
  3070 | D:5      | Reached XP level 7. HP: 19/61 MP: 6/6
  3271 | D:5      | Found an ancient bone altar of Kikubaaqudgha.
  3815 | D:6      | Reached skill level 6 in Shields
  3929 | D:6      | Reached XP level 8. HP: 30/69 MP: 7/7
  4247 | D:6      | Noticed a hill giant
  4252 | D:6      | Killed a hill giant
  4252 | D:6      | Reached skill level 1 in Stealth
  4252 | D:6      | Reached skill level 7 in Shields
  4391 | D:6      | Found Feethasoi's Jewellery Shop.
  4835 | D:7      | Noticed a hippogriff
  4847 | D:7      | Killed a hippogriff
  4847 | D:7      | Reached XP level 9. HP: 38/78 MP: 8/8
  5432 | D:7      | Found a shimmering altar of Xom.
  5860 | D:8      | Noticed siprus's ghost (novice DsAK)
  6288 | D:8      | Killed siprus's ghost
  6288 | D:8      | Reached skill level 10 in Long Blades
  6288 | D:8      | Reached skill level 8 in Shields
  6574 | D:8      | Got a steaming spear
  6576 | D:8      | Identified the +10 spear of the Immovable Souls {freeze, +Blink Dex+3} (You found it on level 8 of the Dungeon)
  6584 | D:8      | Noticed Pikel
  6790 | D:8      | Found a stormy altar of Qazlal.
  6805 | D:8      | Found a bloodstained altar of Trog.
  6805 | D:8      | Found an iron altar of Okawaru.
  6805 | D:8      | Found a white marble altar of Elyvilon.
  6814 | D:8      | Became a worshipper of Warmaster Okawaru
  6930 | D:8      | Killed Pikel
  6930 | D:8      | Reached XP level 10. HP: 52/86 MP: 9/9
  7251 | D:9      | Reached skill level 9 in Shields
  7329 | D:9      | Found a glowing silver altar of Zin.
  7516 | D:9      | Noticed a hill giant
  7531 | D:9      | Killed a hill giant
  7531 | D:9      | Reached * piety under Okawaru
  7596 | D:9      | Got an ancient rapier
  7597 | D:9      | Identified the +5 rapier of Revolt {drain, rElec} (You found it on level 9 of the Dungeon)
  7642 | D:9      | Got a heavily runed chain mail
  7653 | D:9      | Identified the +6 chain mail of Semakh {rC+ rN+ Str+3} (You found it on level 9 of the Dungeon)
  8079 | D:10     | Entered Level 10 of the Dungeon
  8249 | D:10     | Found a staircase to the Lair.
  8311 | D:10     | Found a shadowy altar of Dithmenos.
  8397 | D:10     | Reached ** piety under Okawaru
  8753 | D:10     | Reached skill level 10 in Shields
  8882 | D:10     | Noticed a gargoyle
  8888 | D:10     | Killed a gargoyle
  9031 | D:11     | Reached *** piety under Okawaru
  9062 | D:11     | Found a frozen archway.
  9088 | IceCv    | Entered an ice cave
  9124 | IceCv    | Reached XP level 11. HP: 49/95 MP: 7/10
  9432 | IceCv    | Reached **** piety under Okawaru
  9604 | IceCv    | Reached skill level 11 in Shields
  9671 | IceCv    | Noticed a death yak
  9692 | IceCv    | Killed a death yak
  9692 | IceCv    | Reached skill level 1 in Invocations
  9869 | IceCv    | Reached ***** piety under Okawaru
  9894 | IceCv    | Reached skill level 10 in Armour
 10128 | IceCv    | Noticed a frost giant
 10128 | IceCv    | Noticed a death yak
 10153 | IceCv    | Killed a death yak
 10153 | IceCv    | Received a gift from Okawaru
 10161 | IceCv    | Killed a frost giant
 10161 | IceCv    | Received a gift from Okawaru
 10161 | IceCv    | Reached skill level 12 in Shields
 10166 | IceCv    | Reached XP level 12. HP: 39/106 MP: 11/11
 10431 | IceCv    | Identified the Incunabulum of the Snowflakes
 10913 | D:11     | Found Jus Xioj's Distillery.
 10916 | D:11     | Bought a potion of heal wounds for 60 gold pieces
 10955 | D:11     | Noticed Nergalle
 10965 | D:11     | Killed Nergalle
 10965 | D:11     | Reached skill level 10 in Fighting
 11509 | D:6      | Bought an uncursed amulet of faith for 480 gold pieces
 11629 | Lair:1   | Entered Level 1 of the Lair of Beasts
 11692 | Lair:1   | Reached skill level 5 in Dodging
 11727 | Lair:1   | Reached ****** piety under Okawaru
 11829 | Lair:1   | Received a gift from Okawaru
 11871 | Lair:1   | Noticed a four-headed hydra
 11881 | Lair:1   | Killed a four-headed hydra
 11881 | Lair:1   | Reached skill level 13 in Shields
 12242 | Lair:1   | You fall through a shaft!
 12605 | Lair:2   | Reached skill level 1 in Maces & Flails
 13590 | Lair:2   | Reached XP level 13. HP: 104/115 MP: 13/13
 13916 | Lair:3   | Received a gift from Okawaru
 14111 | Lair:3   | Found a hole to the Spider Nest.
 14439 | Lair:3   | Found an ancient bone altar of Kikubaaqudgha.
 14745 | Lair:4   | Got a warped spear
 14781 | Lair:4   | Found a bloodstained altar of Trog.
 15032 | Lair:4   | Found a staircase to the Swamp.
 15188 | Lair:4   | Reached skill level 14 in Shields
 15360 | Lair:4   | Identified the +8 spear "Qead" {freeze, +Inv rElec Stlth-} (You found it on level 4 of the Lair of Beasts)
 15373 | Lair:4   | Reached skill level 15 in Long Blades
 16331 | Lair:6   | Entered Level 6 of the Lair of Beasts
 16527 | Lair:6   | Received a gift from Okawaru
 16565 | Lair:6   | Found a runed door.
 16565 | Lair:6   | Found a viscous altar of Jiyva.
 16565 | Lair:6   | Found a staircase to the Slime Pits.
 16708 | Lair:6   | Reached skill level 15 in Shields
 17094 | Lair:6   | Received a gift from Okawaru
 17322 | Lair:6   | Reached XP level 14. HP: 73/127 MP: 14/14
 17548 | Lair:6   | Received a gift from Okawaru
 19058 | D:12     | Reached skill level 16 in Shields
 19159 | D:12     | Received a gift from Okawaru
 19580 | D:12     | Found a staircase to the Orcish Mines.
 19589 | D:12     | Found a roughly hewn altar of Beogh.
 19651 | D:12     | Found Iddemp's General Store.
 19777 | D:12     | Bought a scroll of identify for 24 gold pieces
 21080 | D:14     | Noticed Frances
 21099 | D:14     | Killed Frances
 21241 | D:14     | Reached skill level 17 in Shields
 21259 | D:14     | Received a gift from Okawaru
 21261 | D:14     | Reached XP level 15. HP: 90/137 MP: 15/15
 21317 | D:14     | Identified a +2 pair of boots of running (Okawaru gifted it to you on level 14 of the Dungeon)
 21610 | D:14     | Found a portal to a secret trove of treasure.
 21764 | D:14     | Found a gate to the Vaults.
 21957 | D:15     | Entered Level 15 of the Dungeon
 22399 | D:15     | Noticed McKennaii's ghost (journeyman DEFE)
 22416 | D:15     | Killed McKennaii's ghost
 22475 | D:15     | Found a staircase to the Depths.
 22587 | D:15     | Received a gift from Okawaru
 22887 | Orc:1    | Entered Level 1 of the Orcish Mines
 22891 | Orc:1    | Reached skill level 18 in Shields
 23227 | Orc:2    | Entered Level 2 of the Orcish Mines
 23498 | Orc:2    | Found a staircase to the Elven Halls.
 23720 | Orc:2    | Found Esank's General Store.
 23751 | Orc:2    | Found Ytzepsev's Book Shoppe.
 23801 | Orc:2    | Found Qyquhioz's Jewellery Boutique.
 23831 | Orc:2    | Received a gift from Okawaru
 23860 | Orc:2    | Found Reuq's Jewellery Shop.
 23950 | Orc:2    | Found Nupephayps's Magic Scroll Emporium.
 23961 | Orc:2    | Found Qam Elup's Antique Weapon Shop.
 24035 | Orc:2    | Bought a scroll of teleportation for 45 gold pieces
 24035 | Orc:2    | Bought a scroll of teleportation for 45 gold pieces
 24035 | Orc:2    | Bought a scroll of acquirement for 780 gold pieces
 24053 | Orc:2    | Got a warped cloak
 24064 | Orc:2    | Identified the +0 cloak "Kumukina" {rElec MP+9 Str+4 Slay+3} (You acquired it on level 2 of the Orcish Mines)
 24066 | Orc:2    | Bought a scroll of identify for 30 gold pieces
 24783 | Orc:1    | Gained mutation: You expend magic power (3 MP) to strengthen your wands. [a neqoxec]
 25594 | D:6      | Bought an uncursed ring of poison resistance for 240 gold pieces
 25838 | Swamp:1  | Entered Level 1 of the Swamp
 25851 | Swamp:1  | Reached skill level 15 in Fighting
 25999 | Swamp:1  | Reached XP level 16. HP: 135/148 MP: 16/16
 26033 | Swamp:1  | Received a gift from Okawaru
 26038 | Swamp:1  | Got a translucent plate armour {god gift}
 26049 | Swamp:1  | Identified the +7 plate armour of Temperance {rPois rN+ rCorr} (Okawaru gifted it to you on level 1 of the Swamp)
 26967 | Swamp:2  | Noticed a thorn hunter
 26967 | Swamp:2  | Noticed a thorn hunter
 26985 | Swamp:2  | Killed a thorn hunter
 26985 | Swamp:2  | Reached skill level 19 in Shields
 26994 | Swamp:2  | Killed a thorn hunter
 27004 | Swamp:2  | Noticed a thorn hunter
 27018 | Swamp:2  | Killed a thorn hunter
 27916 | D:14     | You paid a toll of 13 scrolls of teleportation to enter a treasure trove
 27917 | Trove    | Entered a treasure trove
 27941 | Trove    | Identified Sif Muna's Incunabulum of Excruciating Clay
 27974 | Trove    | Identified Ytumy's Disquisition on Contamination and Enhancements
 28625 | Swamp:3  | Noticed Aizul
 28648 | Swamp:3  | Killed Aizul
 28648 | Swamp:3  | Received a gift from Okawaru
 28659 | Swamp:3  | Noticed a thorn hunter
 28674 | Swamp:3  | Killed a thorn hunter
 29743 | Swamp:4  | Entered Level 4 of the Swamp
 29753 | Swamp:3  | Received a gift from Okawaru
 29920 | Swamp:4  | Noticed a thorn hunter
 29930 | Swamp:4  | Killed a thorn hunter
 30752 | Swamp:4  | Reached skill level 20 in Shields
 30763 | Swamp:4  | Noticed the 27-headed Lernaean hydra
 31153 | Swamp:4  | Killed the 26-headed Lernaean hydra
 31153 | Swamp:4  | Reached XP level 17. HP: 132/158 MP: 17/17
 31177 | Swamp:4  | Received a gift from Okawaru
 31271 | Swamp:4  | Got a decaying rune of Zot
 31823 | Spider:1 | Entered Level 1 of the Spider Nest
 32662 | Spider:1 | Received a gift from Okawaru
 32680 | Spider:1 | Reached skill level 15 in Armour
 33740 | Spider:2 | Reached skill level 21 in Shields
 33883 | Spider:2 | Received a gift from Okawaru
 34207 | Spider:3 | Paralysed by a hornet for 1 turns
 34828 | Spider:4 | Entered Level 4 of the Spider Nest
 35016 | Spider:4 | Noticed Bai Suzhen
 35030 | Spider:4 | Killed Bai Suzhen
 35030 | Spider:4 | Received a gift from Okawaru
 35046 | Spider:4 | Got an ancient great sword {god gift}
 35051 | Spider:4 | Identified the +4 great sword "Senehaur" {venom, rC+ MR+} (Okawaru gifted it to you on level 4 of the Spider Nest)
 35312 | Spider:4 | Received a gift from Okawaru
 35423 | Spider:4 | Reached XP level 18. HP: 168/168 MP: 18/18
 35477 | Spider:4 | Noticed Arachne
 35520 | Spider:4 | Killed Arachne
 35523 | Spider:4 | Reached skill level 22 in Shields
 35552 | Spider:4 | Received a gift from Okawaru
 36116 | Spider:4 | Got a gossamer rune of Zot
 36579 | Spider:4 | Received a gift from Okawaru
 36994 | Vaults:1 | Entered Level 1 of the Vaults
 37028 | Vaults:1 | Found Alycla Lokk's Antique Weapon Shop.
 37287 | Vaults:1 | Found a magical portal.
 37296 | WizLab   | Entered Zonguldrok's Shrine
 37503 | WizLab   | Received a gift from Okawaru
 37509 | WizLab   | Got a pair of warped boots {god gift}
 37595 | WizLab   | Noticed an antique lich
 37604 | WizLab   | Killed an antique lich
 37604 | WizLab   | Reached skill level 1 in Evocations
 37716 | Vaults:1 | Identified the +0 pair of boots of Cowardice {Str+4} (Okawaru gifted it to you in a wizard's laboratory)
 37940 | Vaults:1 | Reached skill level 23 in Shields
 37949 | Vaults:1 | Received a gift from Okawaru
 37959 | Vaults:1 | Got an encrusted chain mail {god gift}
 38000 | Vaults:1 | Reached XP level 19. HP: 92/179 MP: 19/19
 38809 | Lair:2   | Identified the +10 chain mail of Mutualism {rF+ Str-3 Stlth+} (Okawaru gifted it to you on level 1 of the Vaults)
 39593 | Vaults:2 | Received a gift from Okawaru
 39756 | Vaults:2 | Received a gift from Okawaru
 40394 | Vaults:2 | Noticed Mara
 40398 | Vaults:2 | Noticed Peloso's illusion
 40411 | Vaults:2 | Killed Mara
 40411 | Vaults:2 | Received a gift from Okawaru
 40411 | Vaults:2 | Reached skill level 24 in Shields
 40888 | Vaults:2 | Found a staircase to the Crypt.
 41463 | Elf:1    | Entered Level 1 of the Elven Halls
 41463 | Elf:1    | Noticed Azrael
 41484 | Elf:1    | Killed Azrael
 41520 | Elf:1    | Found Makochiz's Food Boutique.
 41682 | Elf:1    | Reached XP level 20. HP: 172/189 MP: 20/20
 41727 | Elf:1    | Found Tevioroli's Weapon Emporium.
 41847 | Elf:1    | Received a gift from Okawaru
 41897 | Elf:1    | Found Foemuen's Assorted Antiques.
 42144 | Elf:1    | Found Ziceteh's Book Emporium.
 42410 | Elf:2    | Found Geolet's Antique Weapon Emporium.
 42543 | Elf:2    | Found a runed gate.
 42552 | Elf:2    | Found a runed gate.
 42552 | Elf:2    | Found a runed gate.
 42725 | Elf:2    | Received a gift from Okawaru
 42737 | Elf:2    | Got an encrusted spear {god gift}
 42738 | Elf:2    | Identified the +8 spear of the Egg {pierce, Int+6} (Okawaru gifted it to you on level 2 of the Elven Halls)
 43153 | Elf:2    | Reached skill level 25 in Shields
 43736 | Elf:3    | Entered Level 3 of the Elven Halls
 43736 | Elf:3    | Found Ninihulatri's Antique Armour Boutique.
 43746 | Elf:2    | Received a gift from Okawaru
 43943 | Elf:3    | Found an ancient bone altar of Kikubaaqudgha.
 44133 | Elf:3    | Found Veonil's Assorted Antiques.
 44136 | Elf:3    | Found Yqoacw's Distillery.
 44136 | Elf:3    | Found Muojaeg's Food Emporium.
 44146 | Elf:3    | Found Guawkuvo's Food Shoppe.
 44164 | Elf:3    | Bought a potion of heal wounds for 85 gold pieces
 45300 | Elf:3    | Got a scorched pewter ring
 45537 | Elf:3    | Received a gift from Okawaru
 45926 | Elf:3    | Identified the ring "Pomet" {*Contam rElec rPois MR+} (You took it off a deep elf sorcerer on level 3 of the Elven Halls)
 46125 | Elf:3    | Reached XP level 21. HP: 199/199 MP: 21/21
 46242 | Elf:3    | Got an ancient crystal plate armour
 46245 | Elf:3    | Got a pair of ichor-stained gloves
 46256 | Elf:3    | Identified the cursed +0 pair of gloves of Nededd {rC++} (You found it on level 3 of the Elven Halls)
 46282 | Elf:3    | Identified the Incunabulum of Harmful Ice
 46286 | Elf:3    | Identified Sif Muna's Incunabulum of Flames and the Mountains
 46361 | Elf:3    | Got a sparkling wooden ring
 46640 | Lair:2   | Identified the cursed +1 crystal plate armour of the Burgomaster {rPois} (You found it on level 3 of the Elven Halls)
 46690 | Lair:2   | Identified the ring of Salvation {rElec Str+4 Int+9} (You took it off a deep elf mage on level 3 of the Elven Halls)
 46700 | Lair:2   | Gained mutation: You are frail. (-10% HP) [mutagenic glow]
 46979 | Elf:3    | Got a clouded amber ring
 46981 | Elf:3    | Got a brightly glowing war axe {chop}
 47180 | Elf:3    | Identified the cursed +1 war axe of Disembowelment {chop, rF+ MR+ MP+9 Dex-4} (You took it off a deep elf annihilator on level 3 of the Elven Halls)
 47185 | Elf:3    | Identified the ring "Niptiegg" {rCorr rN+} (You took it off a deep elf annihilator on level 3 of the Elven Halls)
 47660 | Vaults:3 | Received a gift from Okawaru
 48407 | Vaults:3 | Reached skill level 26 in Shields
 48574 | Vaults:3 | Found Xenun's General Store.
 49243 | Vaults:4 | Received a gift from Okawaru
 49282 | Vaults:4 | HP: 7/180 [vault warden/glaive of chopping (41)]
 49282 | Vaults:4 | Slain by a vault warden

Skill      XL: |  1  2  3  4  5  6  7  8  9 10 11 12 13 14 15 16 17 18 19 20 21 |
---------------+----------------------------------------------------------------+-----
Armour         | 4 5 6 7 8 9 10 11 12 13 14 15 16 17 | 17.4
Fighting       | 4 5 6 7 8 9 10 12 13 15 16 17 18 19 20 | 20.2
Shields        | 4 5 6 7 8 10 12 13 15 17 18 20 21 23 24 25 26 | 26.4
Long Blades    | 3 4 5 6 9 10 12 13 14 15 16 17 18 19 20 21 | 21.1
Dodging        | 1 2 3 4 5 6 7 8 |  8.7
Stealth        | 1 2 3 |  3.6
Invocations    | 1 2 |  2.4
Maces & Flails | 1 2 3 4 |  4.2
Evocations     | 1 |  1.0

Action                   |  1- 3 |  4- 6 |  7- 9 | 10-12 | 13-15 | 16-18 | 19-21 || total
-------------------------+-------+-------+-------+-------+-------+-------+-------++-------
Melee: Long sword        |   123 |   137 |    78 |       |       |       |       ||   338
       Headbutt          |     4 |    33 |    65 |   235 |   387 |   534 |   444 ||  1702
       Falchion          |       |       |   226 |   547 |       |       |       ||   773
       Demon blade       |       |       |       |   262 |  1282 |  1345 |       ||  2889
       Whip              |       |       |       |     6 |    45 |    51 |       ||   102
       Rapier            |       |       |       |     4 |       |       |       ||     4
       Double sword      |       |       |       |       |       |    86 |  1377 ||  1463
Invok: Heroism           |       |       |       |     6 |     9 |     3 |     4 ||    22
Evoke: Wand              |       |       |     5 |       |       |     1 |     2 ||     8
  Use: Scroll            |       |       |    13 |     8 |    16 |     9 |     9 ||    55
       Potion            |       |       |     2 |     1 |     1 |     6 |     2 ||    12
 Stab: Held in net/web   |       |       |       |       |       |     1 |       ||     1
       Distracted        |       |       |       |       |       |     1 |     2 ||     3
  Eat: Chunk             |     1 |     6 |     7 |    21 |    40 |    30 |    28 ||   133
       Pizza             |       |       |     1 |     1 |       |     3 |     1 ||     6
       Bread ration      |       |       |     1 |       |       |       |       ||     1
       Beef jerky        |       |       |       |       |     1 |     1 |       ||     2
       Royal jelly       |       |       |       |       |       |     1 |     1 ||     2
       Fruit             |       |       |       |       |       |     2 |     2 ||     4
Armor: Scale mail        |    61 |    82 |    55 |       |       |       |       ||   198
       Chain mail        |       |       |    32 |   230 |   335 |     7 |       ||   604
       Plate armour      |       |       |       |       |       |   719 |   335 ||  1054
Dodge: Dodged            |    35 |    69 |   105 |   137 |   220 |   488 |   277 ||  1331
Block: Shield            |    71 |    77 |   157 |   341 |       |       |       ||   646
       Large shield      |       |       |       |    76 |  1073 |  1836 |  1537 ||  4522
       Rpst.: Long sword |     8 |    15 |     7 |       |       |       |       ||    30
       Falchion          |       |       |    11 |    25 |       |       |       ||    36
       Demon blade       |       |       |       |     5 |    55 |    55 |       ||   115
       Double sword      |       |       |       |       |       |     5 |    53 ||    58
